 Dungeon Crawl Stone Soup version 0.26.1-11-gd32895ea62 (webtiles) character file.

Game seed: 13700080491190194315

49 DildoBatman the Conjurer (level 4, -1/30 HPs)
             Began as a Formicid Conjurer on July 17, 2021.
             Slain by a worm (9 damage)
             ... on level 2 of the Dungeon.
             The game lasted 00:03:05 (1157 turns).

DildoBatman the Conjurer (Formicid Conjurer)        Turns: 1157, Time: 00:03:05

Health: -1/30      AC:  3    Str: 12    XL:     4   Next: 1%
Magic:  2/7        EV: 12    Int: 17    God:
Gold:   113        SH:  0    Dex: 10    Spells: 4/7 levels left

rFire    . . .     SeeInvis +   d - +0 dagger
rCold    . . .     Faith    .   (no shield)
rNeg     . . .     Spirit   .   a - +0 robe
rPois    .         Reflect  .   (helmet unavailable)
rElec    .         Harm     .   (no cloak)
rCorr    .         Rampage  .   (no gloves)
Will     .....                  e - +0 pair of boots
Stlth    ++........             (no amulet)
HPRegen  0.10/turn              (no ring)
MPRegen  0.10/turn              (no ring)

@: lethally poisoned (-1 -> -6)
A: permanent stasis, dig shafts and tunnels, four strong arms, antennae 3
a: Dig, Shaft Self


You were on level 2 of the Dungeon.
You visited 1 branch of the dungeon, and saw 2 of its levels.

You collected 113 gold pieces.

Inventory:

Hand Weapons
 d - a +0 dagger (weapon)
 f - a +0 dagger
Missiles
 b - 23 stones
 g - 20 bolts
 h - 3 boomerangs
Armour
 a - a +0 robe (worn)
 e - a +0 pair of boots (worn)
Scrolls
 c - a scroll of fog {unknown}
 i - a scroll of fear {unknown}
 j - 2 scrolls of remove curse {unknown}
 n - a scroll of identify {unknown}
Potions
 k - 2 potions of haste {unknown}
 l - a potion of lignification {unknown}
 m - a potion of berserk rage {unknown}


   Skills:
 - Level 1.7 Dodging
 - Level 2.4 Stealth
 - Level 2.1 Spellcasting
 * Level 4.8 Conjurations


You had 4 spell levels left.
You knew the following spells:

 Your Spells              Type           Power        Failure   Level
a - Searing Ray           Conj           36%          3%          2
c - Magic Dart            Conj           72%          2%          1

Your spell library contained the following spells:

 Spells                   Type           Power        Failure   Level
 Dazzling Flash           Conj/Hex       20%          22%         3
 Fulminant Prism          Conj/Hex       5%           56%         4
 Iskenderun's Mystic Bla  Conj/Tloc      10%          56%         4


Dungeon Overview and Level Annotations

Branches:
Dungeon (2/15)

Altars:


Innate Abilities, Weirdness & Mutations

You cannot be hasted, slowed, berserked, paralysed or teleported.
You can dig through walls and to a lower floor.
Your four strong arms can wield two-handed weapons with a shield.
You have a pair of large antennae on your head. (SInv)


Message History

g - Guard the area. f - Follow me.
Anything else - Cancel.
You shout for attention!
You feel sick. The hobgoblin hits you with a +0 club. The adder bites you.
You are more poisoned.
The adder poisons you! The worm barely misses you.
What are your orders? t - Shout!
Orders for allies: a - Attack new target. p - Attack previous target. r - Retreat! s - Stop attacking. g - Guard the area. f - Follow me.
Anything else - Cancel.
You shout for attention!
The adder bites you.
The hobgoblin hits you but does no damage.
The worm bites you!
You die...

{ { ####
.#############...####..#
...............#gSr....#
##.## ##@# ##.#.## ##w##
##.###.####...## ##.##
##.##.....# #.##
##...#.#..# ##.##
##..##.##..#
##†####..##...##..#
##)##..##..#..##..##
##†..##..###..##..##


You could see a worm, an adder, a quokka and a hobgoblin.

Vanquished Creatures
  An adder (D:2)
  An ooze (D:1)
  A worm (D:2)
  A leopard gecko (D:2)
  3 giant cockroaches (D:1)
  A goblin (D:1)
  3 hobgoblins
  4 jackals (D:2)
  5 kobolds
  5 bats (D:1)
  4 frilled lizards (D:1)
  2 rats (D:1)
31 creatures vanquished.

Vanquished Creatures (others)
  3 plants (D:2)
3 creatures vanquished.

Grand Total: 34 creatures vanquished

Notes
Turn   | Place    | Note
-------+----------+-------------------------------------------
     0 | D:1      | DildoBatman the Formicid Conjurer began the quest for the
                  | Orb.
     0 | D:1      | Reached XP level 1. HP: 13/13 MP: 3/3
   291 | D:1      | Reached skill level 4 in Conjurations
   291 | D:1      | Reached XP level 2. HP: 12/19 MP: 1/5
   299 | D:1      | Learned a level 2 spell: Searing Ray
   635 | D:1      | Reached XP level 3. HP: 24/24 MP: 6/6
  1136 | D:2      | Reached XP level 4. HP: 29/30 MP: 0/7
  1157 | D:2      | Slain by a worm

Illustrated notes

Levels and vault maps discovered:
D:1:      nzn_arrival_crosshair, layout_basic
D:2:      minmay_alternating_diamond, layout_basic, serial_forest,
          infiniplex_forest_lined_3, infiniplex_forest_lined_room_,
          infiniplex_forest_clump_double, infiniplex_forest_clump_diagonal,
          infiniplex_forest_lined_corner

Skill      XL: |  1 |
---------------+----+-----
Conjurations   | 4 |  4.8
Dodging        | |  1.7
Stealth        | |  2.4
Spellcasting   | |  2.1

Action                   |  1- 3 |  4- 6 || total
-------------------------+-------+-------++-------
Melee: Dagger            |    28 |       ||    28
 Cast: Magic Dart        |    15 |       ||    15
       Searing Ray       |    14 |       ||    14
 Abil: Dig               |     4 |     3 ||     7
 Stab: Sleeping          |     2 |       ||     2
Armor: Robe              |     7 |     4 ||    11
Dodge: Dodged            |    31 |    16 ||    47
